[Event "Kragero Resort Chess B 2019"]
[Site "Kragero"]
[Date "2019.02.24"]
[Round "9.4"]
[White "Manukyan, Hayk T."]
[Black "Mikelsen, Mattis"]
[Result "1/2-1/2"]
[ECO "D00"]
[WhiteElo "1806"]
[BlackElo "1745"]
[Annotator "NA RC"]
[PlyCount "84"]
[EventDate "2019.02.20"]
[EventType "swiss"]
[EventCountry "NOR"]
[SourceTitle "playchess.com"]
[Source "ChessBase"]
[SourceQuality "1"]
[TimeControl "5400+30"]

1. d4 Nf6 2. Bg5 d5 3. Nd2 Bf5 4. e3 e6 5. Bd3 Bxd3 6. cxd3 Be7 7. Ngf3 O-O 8. O-O Nbd7 9. Qe2 c5 10. dxc5 Nxc5 11. Bxf6 Bxf6 12. d4 Nd7 13. Qb5 Nb6 14. Rac1 Rc8 15. Rc3 Qd7 16. Qxd7 Nxd7 17. Rfc1 Nb6 18. Kf1 Rfd8 19. Ke2 Be7 20. a3 Rxc3 21. Rxc3 Rc8 22. Rxc8+ Nxc8 23. Kd3 f6 24. e4 dxe4+ 25. Nxe4 Kf7 26. Nc3 Nb6 27. Nd2 Bd6 28. g3 a6 29. Nc4 Nxc4 30. Kxc4 Ke7 31. Kd3 Bc7 32. Ne4 b6 33. Nc3 Kd6 34. Na2 b5 35. Nc3 Bb6 36. f4 f5 37. Na2 Ba5 38. b4 Bb6 39. Nc1 a5 40. Nb3 axb4 41. axb4 Kd5 42. Nc5 Bc7 1/2-1/2

[Event "Kragero Resort Chess B 2019"]
[Site "Kragero"]
[Date "2019.02.24"]
[Round "9.5"]
[White "Hausken, Andreas Skrede"]
[Black "Johannessen, Martin T."]
[Result "1/2-1/2"]
[ECO "B80"]
[WhiteElo "1752"]
[BlackElo "1732"]
[Annotator "NA RC"]
[PlyCount "106"]
[EventDate "2019.02.20"]
[EventType "swiss"]
[EventCountry "NOR"]
[SourceTitle "playchess.com"]
[Source "ChessBase"]
[SourceQuality "1"]
[TimeControl "5400+30"]

1. e4 c5 2. Nc3 Nc6 3. Nge2 Nf6 4. g3 d6 5. Bg2 e6 6. O-O Be7 7. d4 cxd4 8. Nxd4 Nxd4 9. Qxd4 O-O 10. h3 Qa5 11. Be3 Qh5 12. g4 Qg6 13. Nb5 Bd7 14. Nxd6 Bxd6 15. Qxd6 Bb5 16. Rfe1 Nxe4 17. Qb4 Bc6 18. Bxa7 Nf6 19. Bc5 Ra4 20. Bxf8 Rxb4 21. Bxb4 Bxg2 22. Kxg2 Nxg4 23. hxg4 Qxg4+ 24. Kf1 Qxb4 25. a4 Qg4 26. Red1 h5 27. Rd8+ Kh7 28. Ra3 Qc4+ 29. Kg1 Qxc2 30. Rh3 Qxa4 31. Rxh5+ Kg6 32. Rh3 Qa1+ 33. Kg2 Qxb2 34. Rd7 f5 35. Re3 Kf6 36. Rd6 Qa2 37. Rb6 Qd5+ 38. Kg1 f4 39. Re1 f3 40. Kh2 g5 41. Kg3 Qf5 42. Rb4 Qd5 43. Rb6 Kf5 44. Reb1 e5 45. Rxb7 Qe4 46. R1b4 Qe1 47. Kxf3 Qd1+ 48. Kg2 g4 49. Rf7+ Ke6 50. Rg7 Qf3+ 51. Kg1 Qd1+ 52. Kg2 Qf3+ 53. Kg1 Qd1+ 1/2-1/2

[Event "Kragero Resort Chess B 2019"]
[Site "Kragero"]
[Date "2019.02.24"]
[Round "9.6"]
[White "Bernstein, Jonas August"]
[Black "Khoo-Thwe, Louis"]
[Result "1-0"]
[ECO "E11"]
[WhiteElo "1744"]
[BlackElo "1673"]
[Annotator "NA RC"]
[PlyCount "115"]
[EventDate "2019.02.20"]
[EventType "swiss"]
[EventCountry "NOR"]
[SourceTitle "playchess.com"]
[Source "ChessBase"]
[SourceQuality "1"]
[TimeControl "5400+30"]

1. d4 Nf6 2. c4 e6 3. Nf3 Bb4+ 4. Bd2 Bxd2+ 5. Qxd2 d5 6. Nc3 O-O 7. e3 Nbd7 8. Rc1 c6 9. Bd3 Re8 10. O-O dxc4 11. Bxc4 e5 12. Ng5 Rf8 13. dxe5 Nxe5 14. Qxd8 Rxd8 15. Bb3 Rf8 16. Rfd1 h6 17. Nge4 Nxe4 18. Nxe4 Rb8 19. Nd6 Ng4 20. Nxf7 Kh7 21. h3 Nf6 22. Ne5 Bf5 23. Rd4 Rbd8 24. Rcd1 Rxd4 25. Rxd4 Re8 26. Nc4 Re7 27. Rd8 Rd7 28. Rxd7 Bxd7 29. Ne5 Bf5 30. Nf7 b6 31. Nd6 Bd7 32. e4 Ne8 33. Nxe8 Bxe8 34. Be6 g6 35. Kf1 Kg7 36. Ke2 Kf6 37. Bb3 c5 38. Ke3 g5 39. Bc4 Bc6 40. g3 Bd7 41. Bf1 Be6 42. b3 a5 43. f4 gxf4+ 44. Kxf4 a4 45. Bc4 axb3 46. axb3 Bxh3 47. g4 Bg2 48. e5+ Kg6 49. Bd3+ Kf7 50. Kf5 Bd5 51. Bc4 Bxc4 52. bxc4 Ke7 53. e6 b5 54. cxb5 c4 55. b6 c3 56. b7 c2 57. b8=Q c1=Q 58. Qb7+ 1-0

[Event "Kragero Resort Chess B 2019"]
[Site "Kragero"]
[Date "2019.02.24"]
[Round "9.7"]
[White "Fjellheim, Benjamin"]
[Black "Gronn, Embla Ekeland"]
[Result "1-0"]
[ECO "A06"]
[WhiteElo "1757"]
[BlackElo "1633"]
[Annotator "NA RC"]
[PlyCount "69"]
[EventDate "2019.02.20"]
[EventType "swiss"]
[EventCountry "NOR"]
[SourceTitle "playchess.com"]
[Source "ChessBase"]
[SourceQuality "1"]
[TimeControl "5400+30"]

1. Nf3 d5 2. b3 Bf5 3. Bb2 e6 4. e3 Nf6 5. Be2 Be7 6. O-O h6 7. d4 O-O 8. c4 dxc4 9. Bxc4 Nbd7 10. Nbd2 c5 11. Rc1 cxd4 12. Nxd4 Bg4 13. Be2 Bxe2 14. Qxe2 Nb6 15. Rfd1 Nfd5 16. Nc4 Qe8 17. e4 Nf4 18. Qg4 Nxc4 19. Rxc4 Ng6 20. Rc7 Bf6 21. Ba3 Qb8 22. Nxe6 Ne5 23. Qf5 fxe6 24. Qxe6+ Rf7 25. Rdc1 Qd8 26. Rc8 Kh7 27. Rxd8 Rxd8 28. f4 Rfd7 29. fxe5 Bg5 30. Re1 Rd2 31. Be7 Bxe7 32. Qxe7 R8d7 33. Qe6 R7d4 34. Qf5+ Kh8 35. e6 1-0